 Dungeon Crawl Stone Soup version 0.30-a0-862-g1aabd4f9c5 (webtiles) character file.

Game seed: 9729426500297679087

394 Zenkrye the Poker (level 7, -9/57 HPs)
             Began as a Human Cinder Acolyte on Mar 8, 2023.
             Was a High Priest of Ignis.
             Mangled by Menkaure (17 damage)
             ... in an ossuary.
             The game lasted 00:10:55 (3576 turns).

Zenkrye the Poker (Human Cinder Acolyte)            Turns: 3576, Time: 00:10:56

Health: -9/57      AC:  7    Str: 15 (16) XL:     7   Next: 9%
Magic:  4/11       EV:  9    Int: 16 (18) God:    Ignis [*****.]
Gold:   163        SH:  6    Dex: 10 (11) Spells: 9/12 levels left

rFire   + . .      SeeInvis .    a - -1 spear (flame)
rCold   . . .      Faith    .    m - +3 buckler of Autumn {Str+2 Int+3 Dex+3}
rNeg    . . .      Spirit   .    u - +0 ring mail
rPois   .          Reflect  .    e - +1 helmet
rElec   .          Rampage  .    (no cloak)
rCorr   .                        (no gloves)
Will    .....                    (no boots) Stlth
                                 (no amulet)
HPRegen 0.29/turn                w - ring of wizardry
MPRegen 0.12/turn                s - +4 ring of slaying

@: mighty
A: sense surroundings 1, robust 1, weak 1
a: Renounce Religion, Fiery Armour, Foxfire Swarm, Rising Flame


You were in an ossuary.
You worshipped Ignis.
Ignis was extremely pleased with you.
You visited 1 branch of the dungeon, and saw 4 of its levels.
You also visited: Ossuary.

You collected 163 gold pieces.

Inventory:

Hand Weapons
 a - a -1 spear of flaming (weapon)
 x - a +0 trident
Missiles
 k - 10 boomerangs (quivered)
Armour
 b - a +0 robe
 e - a +1 helmet (worn)
 m - the +3 buckler of Autumn (worn) {Str+2 Int+3 Dex+3}
   (You acquired it on level 2 of the Dungeon)

   Str:       It affects your strength (+2).
   Int:       It affects your intelligence (+3).
   Dex:       It affects your dexterity (+3).
 q - a +0 plate armour
 t - a +0 leather armour
 u - a +0 ring mail (worn)
 v - a +0 scale mail
Magical Staves
 d - a staff of cold
Jewellery
 c - a ring of ice
 i - a +6 ring of strength
 s - a +4 ring of slaying (right hand)
 w - a ring of wizardry (left hand)
Scrolls
 j - a scroll of fog
 n - 2 scrolls of teleportation {@r3}
 p - a scroll of blinking {@r4}
 y - a scroll of amnesia {unknown}
 A - a scroll of immolation {unknown}
 B - a scroll of brand weapon {unknown}
Potions
 f - a potion of lignification
 g - 2 potions of haste {@q3}
 h - a potion of magic
 l - a potion of mutation
 o - 3 potions of might {@q4}
 z - a potion of resistance {@q6}


   Skills:
 - Level 3.0 Fighting
 * Level 6.7 Polearms
 - Level 3.0 Spellcasting
 - Level 3.0 Fire Magic


You had 9 spell levels left.
You knew the following spells:

 Your Spells              Type           Power      Damage    Failure   Level
a - Scorch                Fire           24%        2d6       9%          2
b - Necrotise             Necr           8%         1d4       21%         1

Your spell library contained the following spells:

 Spells                   Type           Power      Damage    Failure   Level
 Slow                     Hex            8%         N/A       21%         1
 Confusing Touch          Hex            2%         N/A       50%         3
 Stone Arrow              Conj/Erth      4%         3d7       50%         3
 Vampiric Draining        Necr           2%         2d6       50%         3
 Animate Armour           Summ/Erth      4%         N/A       87%         4
 Passage of Golubria      Tloc           2%         N/A       87%         4
 Agony                    Necr           2%         N/A       99%         5
 Silence                  Hex/Air        1%         N/A       99%         5
 Lehudib's Crystal Spear  Conj/Erth      1%         10d2      100%        8


Dungeon Overview and Level Annotations

Branches:
Dungeon (4/15)             Temple (0/1) D:4         Ossuary (1/1)

Altars:
Elyvilon
Sif Muna
Uskayaw

Annotations:
D:4 2 transporters Ossuary Menkaure


Innate Abilities, Weirdness & Mutations

You passively map a small area around you.
You are robust. (+10% HP)
You are weak. (Str -2)


Message History

Confirm with . or Enter, or press ? or * to list all spells.
Flames lash the mummy.
The mummy is burned terribly!
The mummy is moderately damaged.
The mummy's fire resistance burns away.
Menkaure calls on the powers of darkness!
Your body is wracked with pain!
* * * LOW HITPOINT WARNING * * *
The mummy barely misses you.
It was a potion of mutation.
You feel extremely strange.
You feel a strange attunement to the structure of the dungeons.
You feel weaker.
You feel robust. Menkaure hits you.
* * * LOW HITPOINT WARNING * * *
It was a potion of might.
You feel very mighty all of a sudden. You block Menkaure's attack.
The mummy barely misses you.
Menkaure points at you and mumbles some strange words.
Pain shoots through your body!
* * * LOW HITPOINT WARNING * * *
It was a potion of degeneration.
There was something very wrong with that liquid.
You feel weakened.
You feel dopey.
You feel clumsy.
The mummy is no longer more vulnerable to fire.
You block Menkaure's attack.
It was a potion of curing.
You feel better.
The mummy is no longer more vulnerable to fire.
Menkaure completely misses you. You block the mummy's attack.
Casting: Scorch (safe; 9% risk of failure)
Confirm with . or Enter, or press ? or * to list all spells.
Flames lash the mummy.
The mummy is burned terribly!
The mummy is almost destroyed.
The mummy's fire resistance burns away.
Menkaure hits you.
* * * LOW HITPOINT WARNING * * *
The mummy closely misses you.
Casting: Scorch (safe; 9% risk of failure)
Confirm with . or Enter, or press ? or * to list all spells.
Flames lash the mummy.
The mummy is burned terribly!
The mummy is severely damaged.
The mummy's fire resistance burns away.
Menkaure hits you!
You die...

##..##..##..##..##..
##..##..##..####^.##.
##..##..##..## ##..##
##..##..##..##, ##..#
##..##..##..## ##..
##..##..##..## ,, ##.
##..##..##..##, , ##
##..##..##..## # ##..##..##.@##
* * * ##..##..##..MMMM.... ,
##..##..######################
##..##.........................
##..############################
#...............................
################################


You could see Menkaure (fast) and 3 mummies.

Vanquished Creatures
  2 scorpions (D:4)
  A hound (D:2)
  An iguana (D:4)
  Robin (D:1)
  4 gnolls
  3 adders
  2 worms (D:2)
  2 dart slugs
  An orc (D:3)
  13 ball pythons
  6 bats
  4 endoplasms
  5 giant cockroaches
  3 gnoll zombies (Ossuary)
  13 hobgoblins
  6 jackals
  3 kobolds (D:2)
  5 quokkas
  3 frilled lizards
  2 gnoll skeletons (Ossuary)
  15 goblins
  4 goblin skeletons (Ossuary)
  4 goblin zombies (Ossuary)
  3 hobgoblin skeletons (Ossuary)
  3 hobgoblin zombies (Ossuary)
  10 kobold skeletons (Ossuary)
  6 kobold zombies (Ossuary)
  3 orc skeletons (Ossuary)
  3 orc zombies (Ossuary)
  3 rats
  3 rat skeletons (Ossuary)
  4 rat zombies (Ossuary)
141 creatures vanquished.

Notes
Turn   | Place    | Note
-------+----------+-------------------------------------------
     0 | D:1      | Zenkrye the Human Cinder Acolyte began the quest for the
                  | Orb.
     0 | D:1      | Reached XP level 1. HP: 18/18 MP: 2/2
   171 | D:1      | Found a faded altar of an unknown god.
   302 | D:1      | Reached XP level 2. HP: 17/24 MP: 3/3
   312 | D:1      | Learned a level 2 spell: Scorch
   989 | D:2      | Noticed Robin
  1035 | D:2      | Reached skill level 4 in Polearms
  1035 | D:2      | Reached XP level 3. HP: 23/29 MP: 4/4
  1138 | D:1      | Killed Robin
  1275 | D:2      | Reached XP level 4. HP: 27/35 MP: 3/6
  1577 | D:3      | Found a white marble altar of Elyvilon.
  1577 | D:3      | Found a shimmering blue altar of Sif Muna.
  1946 | D:2      | Reached XP level 5. HP: 36/41 MP: 3/8
  2229 | D:2      | Reached skill level 5 in Polearms
  2388 | D:2      | Identified a scroll of acquirement
  2388 | D:2      | Acquired the +3 buckler of Autumn {Str+2 Int+3 Dex+3}
  2397 | D:2      | Learned a level 1 spell: Necrotise
  2501 | D:3      | Found a hide-covered altar of Uskayaw.
  2782 | D:4      | Reached XP level 6. HP: 47/47 MP: 7/10
  2788 | D:4      | Reached skill level 6 in Polearms
  2991 | D:4      | Found a staircase to the Ecumenical Temple.
  3060 | D:4      | Found a transporter.
  3105 | D:4      | Found a transporter.
  3110 | D:4      | Noticed an ice beast
  3110 | D:4      | Noticed an ice beast
  3110 | D:4      | Noticed an ice beast
  3215 | D:4      | Found a sand-covered staircase.
  3224 | Ossuary  | Entered an ossuary
  3283 | Ossuary  | Reached XP level 7. HP: 52/52 MP: 11/11
  3560 | Ossuary  | Noticed Menkaure
  3571 | Ossuary  | Gained mutation: You passively map a small area around you.
                  | [potion of mutation]
  3571 | Ossuary  | Gained mutation: You are weak. (Str -2) [potion of
                  | mutation]
  3571 | Ossuary  | Gained mutation: You are robust. (+10% HP) [potion of
                  | mutation]
  3572 | Ossuary  | HP: 1/57 [Menkaure/nerve-wracking pain (6)]
  3576 | Ossuary  | Mangled by Menkaure

Illustrated notes

Levels and vault maps discovered:
D:1:      dpeg_arrival_circle_labyrinth_c, layout_loops_ring, serial_rivers,
          chequers_serial_rivers_micro_c, chequers_serial_rivers_micro_d,
          chequers_serial_rivers_micro_e, chequers_serial_rivers_micro_a,
          chequers_serial_rivers_micro_a, chequers_serial_rivers_micro_c,
          hellmonk_ecumenical_altar_zigzags
D:2:      layout_basic, st_stairs_2, minmay_misc_feat_nine_boxes,
          minmay_divided_ellipse, uniq_robin
D:3:      layout_basic, eat_drink_and_be_merry_uskayaw,
          mainiacjoe_overflow_large_starburst
D:4:      gammafunk_cloud_chamber, layout_loops_ring,
          minmay_temple_entry_arrows, serial_shops, shop,
          nicolae_ossuary_entry_monument
Ossuary:  ossuary_due_pyramid

Skill      XL: |  1  2  3  4  5  6 |
---------------+-------------------+-----
Polearms       | 4 5 6 |  6.7
Spellcasting   | 2 3 |  3.0
Fighting       | |  3.0
Fire Magic     | |  3.0

Action                     |  1- 3 |  4- 6 |  7- 9 || total
---------------------------+-------+-------+-------++-------
  Melee: Spear             |    83 |   178 |    99 ||   360
         Punch             |     1 |     1 |       ||     2
  Throw: Boomerang         |       |     2 |       ||     2
   Cast: Scorch            |     5 |    11 |     4 ||    20
    Use: Scroll            |     2 |     6 |       ||     8
         Potion            |       |       |     4 ||     4
 Armour: Robe              |     9 |     5 |       ||    14
         Scale mail        |       |     7 |       ||     7
         Ring mail         |       |     7 |     6 ||    13
         Leather armour    |       |     1 |       ||     1
  Dodge: Dodged            |    52 |    47 |    12 ||   111
  Block: Buckler           |       |    19 |     7 ||    26

Table legend: (Time is in decaauts)
 A = Elapsed time spent in this place.
 B = Non-inter-level travel time spent in this place.
 C = Inter-level travel time spent in this place.
 D = Time resting spent in this place.
 E = Time spent auto-exploring this place.
 F = Levels seen in this place.
 G = Mean time per level.
                   A        B        C        D        E       F      G
               +--------+--------+--------+--------+--------+-----+--------+
         Total |   3526 |   3371 |    155 |    127 |   2426 |   5 |  705.2 |
       Dungeon |   3193 |   3038 |    155 |    124 |   2269 |   4 |  798.2 |
       Ossuary |    332 |    332 |      0 |      3 |    157 |   1 |  332.0 |
               +--------+--------+--------+--------+--------+-----+--------+

Top non-repeatable levels by time:
     D:1: 1123 daAuts
     D:2: 1055 daAuts
     D:3: 659 daAuts
     D:4: 355 daAuts
 Ossuary: 332 daAuts
